 Dungeon Crawl Stone Soup version 0.30.1-11-g7821555f0a (webtiles) character file.

Game seed: 17750437854080709740

108 Ijustatesigmund the Conjurer (level 4, -3/28 HPs)
             Began as an Octopode Conjurer on Dec 21, 2023.
             Slain by an orc wizard
             ... wielding a +0 dagger
              (4 damage)
             ... on level 3 of the Dungeon.
             The game lasted 00:03:34 (2368 turns).

Ijustatesigmund the Conjurer (Octopode Conjurer)    Turns: 2368, Time: 00:03:35

Health: -3/28      AC:  1    Str:  6    XL:     4   Next: 87%
Magic:  8/8        EV: 13    Int: 22    God:
Gold:   108        SH:  0    Dex: 10    Spells: 6/9 levels left

rFire   . . .        d - +0 hand axe
rCold   . . .        (no shield)
rNeg    . . .        (helmet restricted)
rPois   .            (no amulet)
rElec   .            k - ring of resist corrosion
rCorr   +            (no ring)
SInv    .            (no ring)
Will    .....        (no ring)
Stlth   +++          (no ring)
HPRegen 0.24/turn    (no ring)
MPRegen 0.11/turn    (no ring)
                     (no ring)

%: no passive effects
@: flying
A: almost no armour, amphibious, 8 rings, camouflage 1, gelatinous body 1,
(nimble swimmer 1), tentacles
a: no special abilities


You were on level 3 of the Dungeon.
You visited 1 branch of the dungeon, and saw 3 of its levels.

You collected 108 gold pieces.

Inventory:

Hand Weapons
 d - a +0 hand axe (weapon)
Armour
 p - a +0 buckler
Jewellery
 k - a ring of resist corrosion (left tentacle)
Wands
 f - a wand of roots (1)
Scrolls
 b - 2 scrolls of fear
 c - a scroll of immolation {unknown}
 g - a scroll of teleportation {unknown}
 h - a scroll of noise {unknown}
 j - a scroll of fog {unknown}
 o - a scroll of enchant armour {unknown}
Potions
 a - a potion of magic
 e - a potion of might
 i - a potion of attraction
 l - a potion of lignification
 n - a potion of curing {unknown}


   Skills:
 - Level 1.0 Fighting
 + Level 1.9 Axes
 - Level 2.0 Dodging
 - Level 2.6 Stealth
 + Level 3.0 Spellcasting
 + Level 4.7 Conjurations


You had 6 spell levels left.
You knew the following spells:

 Your Spells              Type           Power      Damage    Failure   Level
a - Magic Dart            Conj           96%        1d7       1%          1
b - Searing Ray           Conj           48%        2d6       2%          2

Your spell library contained the following spells:

 Spells                   Type           Power      Damage    Failure   Level
 Dazzling Flash           Conj/Hex       26%        N/A       14%         3
 Fulminant Prism          Conj/Hex       6%         3d7       43%         4
 Iskenderun's Mystic Bla  Conj/Tloc      13%        2d5       43%         4


Dungeon Overview and Level Annotations

Branches:
Dungeon (3/15)

Altars:
Ru


Innate Abilities, Weirdness & Mutations

You cannot wear most types of armour.
You are amphibious.
You can wear up to eight rings at the same time.
Your skin changes colour to match your surroundings (Stealth+).
Your rubbery body absorbs attacks. (AC +1, EV +1)
((You are camouflaged when in or above water. (Stealth+)))
You have tentacles for arms and can constrict up to eight enemies at once.


Message History

You see here 3 stones.
Found an escape hatch in the floor.
There is an escape hatch in the floor here.
Found a stone staircase leading down.
Found a leather armour.
Casting: Magic Dart (safe; 1% risk of failure)
Confirm with . or Enter, or press ? or * to list all spells.
Aiming: Magic Dart (safe; 1% risk of failure)
Press: ? - help, Shift-Dir - straight line, f - orc wizard
Aim: an orc wizard, wielding a +0 dagger and wearing a +0 robe (wandering, hasn't noticed you, 100% to hit)
The magic dart hits the orc wizard.
The orc wizard is moderately wounded.
The orc wizard shouts!
The orc wizard mumbles some strange words.
The orc wizard flickers and vanishes!
Deactivating autopickup; reactivate with Ctrl-A.
You start resting.
There is a strange disturbance nearby!
Something hits you.
You miss something. Your squeeze misses something. Something hits you.
You hit something but do no damage. Something hits you.
You hear some strange, mumbled words.
You are confused.
You bump into the rock wall.
You hear some strange, mumbled words.
Something tries to affect you, but you resist.
You bump into the rock wall.
Something hits you.
You completely miss something. Something hits you.
You closely miss something. Something hits you.
You bump into the rock wall.
Something hits you.
You bump into the rock wall.
You feel less confused.
You hear some strange, mumbled words.
A puff of flame appears from out of thin air!
The puff of flame hits you!
* * * LOW HITPOINT WARNING * * *
It was a potion of flight.
You feel very buoyant.
You fly up into the air.
Something hits you.
You die...

⌠# ...........## #
.##..............###.#
)..................{.#
######..............
#####.....>.......
#......#........#
.....#.##.......##
.....#.#..#....{.###
.....#.#.###.###@..#
.........###.#####...[#
##...#.#.........####...#
###.............# ..#
###.#............ ...
#............... ..
#................ .
#..#############. ###


There were no monsters in sight!

Vanquished Creatures
  An orc wizard (D:3)
  3 adders
  3 dart slugs
  3 orcs (D:3)
  4 bats
  5 endoplasms
  3 giant cockroaches (D:2)
  6 goblins
  2 hobgoblins (D:1)
  A kobold (D:1)
  A quokka (D:1)
  5 ball pythons
  10 frilled lizards
  2 rats
49 creatures vanquished.

Notes
Turn   | Place    | Note
-------+----------+-------------------------------------------
     0 | D:1      | Ijustatesigmund the Octopode Conjurer began the quest for
                  | the Orb.
     0 | D:1      | Reached XP level 1. HP: 11/11 MP: 3/3
   214 | D:1      | Reached XP level 2. HP: 18/18 MP: 1/5
   217 | D:1      | Learned a level 2 spell: Searing Ray
   451 | D:1      | Reached skill level 1 in Fighting
   810 | D:1      | Reached XP level 3. HP: 23/23 MP: 3/6
  1188 | D:2      | Reached skill level 1 in Axes
  1425 | D:2      | Found a sacrificial altar of Ru.
  1839 | D:3      | Reached XP level 4. HP: 28/28 MP: 4/8
  2367 | D:3      | HP: 1/28 [something/puff of flame (13)]
  2368 | D:3      | Slain by an orc wizard

Illustrated notes

Levels and vault maps discovered:
D:1:      dpeg_arrival_tiny_i, layout_loops_ring
D:2:      layout_basic, basic_altar, grunt_ministairs_7, minivault_24,
          minmay_lizard_king
D:3:      layout_rooms, amcnicky_mini_corridor_feature, interstate_on_off,
          minmay_misc_feat_columns, st_stairs_7, nicolae_underground_beach

Skill      XL: |  1  2  3  4 |
---------------+-------------+-----
Fighting       | 1 |  1.0
Axes           | 1 |  1.9
Spellcasting   | 3 |  3.0
Dodging        | |  2.0
Stealth        | |  2.6
Conjurations   | |  4.7

Action                     |  1- 3 |  4- 6 || total
---------------------------+-------+-------++-------
  Melee: Unarmed           |     5 |       ||     5
         Constrict         |     5 |       ||     5
         Tentacles         |     2 |       ||     2
         Hand axe          |    18 |     5 ||    23
   Cast: Magic Dart        |    62 |    11 ||    73
         Searing Ray       |     2 |     3 ||     5
    Use: Scroll            |       |     4 ||     4
         Potion            |       |     1 ||     1
 Armour: Skin              |     2 |       ||     2
  Dodge: Dodged            |    12 |       ||    12
